 Dungeon Crawl Stone Soup version 0.30-a0-4-ga7cffc901d (webtiles) character file.

Game seed: 3091279519285975228

23 Sabo the Firebug (level 2, 19/19 HPs)
             Began as a Demonspawn Fire Elementalist on Aug 21, 2022.
             Was a Follower of Kikubaaqudgha.
             Got out of the dungeon alive.
             The game lasted 00:08:42 (2160 turns).

Sabo the Firebug (Demonspawn Fire Elementalist)     Turns: 2160, Time: 00:08:43

Health: 19/19      AC:  2    Str:  8    XL:     2   Next: 72%
Magic:  5/5        EV: 12    Int: 16    God:    Kikubaaqudgha [*.....]
Gold:   67         SH:  0    Dex: 13    Spells: 4/5 levels left

rFire   . . .      SeeInvis .    c - +0 quarterstaff (spect)
rCold   . . .      Faith    .    (shield currently unavailable)
rNeg    . . .      Spirit   .    a - +0 robe
rPois   .          Reflect  .    (helmet restricted)
rElec   .          Harm     .    (no cloak)
rCorr   .          Rampage  .    (no gloves)
Will    .....                    (no boots)
Stlth   ++........               (no amulet)
HPRegen 0.06/turn                (no ring)
MPRegen 0.09/turn                (no ring)

@: no status effects
A: horns 1
a: Renounce Religion, Unearth Wretches


You escaped.
You worshipped Kikubaaqudgha.
Kikubaaqudgha was aware of your devotion.
You visited 1 branch of the dungeon, and saw 1 of its levels.

You collected 67 gold pieces.

Inventory:

Hand Weapons
 c - a +0 spectral quarterstaff (weapon)
 d - a +2 dagger of speed
 g - a +2 dagger of venom
Armour
 a - a +0 robe (worn)
Jewellery
 h - a ring of ice
Scrolls
 e - 2 scrolls of poison
 f - a scroll of amnesia {unknown}
 i - a scroll of teleportation {unknown}
Potions
 b - a potion of magic


   Skills:
 + Level 0.1 Fighting
 + Level 0.1 Staves
 + Level 1.9 Dodging
 + Level 2.0 Stealth
 + Level 2.2 Spellcasting
 + Level 1.1 Conjurations
 + Level 3.1 Fire Magic


You had 4 spell levels left.
You knew the following spells:

 Your Spells              Type           Power      Damage    Failure   Level
a - Foxfire               Conj/Fire      32%        2x1d5     9%          1

Your spell library contained the following spells:

 Spells                   Type           Power      Damage    Failure   Level
 Scorch                   Fire           22%        2d6       9%          2
 Necrotise                Necr           4%         1d4       21%         1
 Conjure Flame            Conj/Fire      8%         6-21      26%         3
 Sublimation of Blood     Necr           1%         N/A       30%         2
 Inner Flame              Hex/Fire       6%         N/A       32%         3
 Flame Wave               Conj/Fire      8%         2d5       63%         4
 Anguish                  Hex/Necr       0%         N/A       90%         4
 Animate Dead             Necr           1%         N/A       90%         4


Dungeon Overview and Level Annotations

Branches:
Dungeon (1/15)

Altars:
Kikubaaqudgha


Innate Abilities, Weirdness & Mutations

You have a pair of small horns on your head.


Message History

You see here a +0 dagger.
Found a chain mail.
You see here a +0 chain mail.
Found a scroll labelled IMIACO XOITIDGH.
There is a shaft here.
i - a scroll labelled IMIACO XOITIDGH You open the door.
There is an open door here.
You see here a rat skeleton.
You see here a goblin skeleton.
There is an open door here.
There is an open door here.
Found a faded altar of an unknown god.
There is a shaft here.
There is a faded altar of an unknown god here.
You cannot tell which god this altar belongs to.
Convert to them anyway?
Kikubaaqudgha accepts your prayer! Kikubaaqudgha welcomes you!
You can now bring forth the wretched and dying.
Kikubaaqudgha grants you a gift!
You add the spells Necrotise, Sublimation of Blood, Anguish and Animate Dead to your library.
There is a shaft here.
There is an open door here.
Okay, then.
Unknown command.
The air fills with toxic fumes!
As you read the scroll labelled VIMPOW QEIQAE, it crumbles to dust.
It was a scroll of poison.
You start waiting.
Done waiting.
There is a stone staircase leading down here.
There is an open door here.
There is an open door here.
There is an open door here.
Okay, then.
You see here 4 stones.
There is a staircase leading out of the dungeon here.
You can't go down here!
Are you sure you want to leave the Dungeon?
This will make you lose the game!
You have escaped!

## ##.......##
##[##.######.#.# #
##.........## #..#.###......#
###...........#
##.##....##.###
##......#......###..#######(#
#......###......###.# #.#
......## #......##.#######.#
.....## #......#.#.......#
....## #.......#.#######
>..## ##..@.....# ....##
##.......### .....##
##......#.#### ......##
##......##.#..######
#......###......###.##......#
##......#......###..#######.#
###...........####.## #.# #
##.........## #..# #.# ##
##.......## ##.## #.#


There were no monsters in sight!

Vanquished Creatures
  2 bats (D:1)
  4 endoplasms (D:1)
  5 goblins (D:1)
  A quokka (D:1)
  5 ball pythons (D:1)
  A kobold (D:1)
  3 rats (D:1)
21 creatures vanquished.

Vanquished Creatures (others)
  24 foxfires (D:1)
24 creatures vanquished.

Grand Total: 45 creatures vanquished

Notes
Turn   | Place    | Note
-------+----------+-------------------------------------------
     0 | D:1      | Sabo the Demonspawn Fire Elementalist began the quest for
                  | the Orb.
     0 | D:1      | Reached XP level 1. HP: 13/13 MP: 3/3
   639 | D:1      | Reached skill level 3 in Fire Magic
   795 | D:1      | Discovered your monstrous ancestry.
   795 | D:1      | Gained mutation: You have a pair of small horns on your
                  | head. [demonic ancestry]
   795 | D:1      | Reached XP level 2. HP: 18/19 MP: 5/5
  1902 | D:1      | Found a faded altar of an unknown god.
  1907 | D:1      | Prayed at the altar of an unknown god.
  1907 | D:1      | Became a worshipper of Kikubaaqudgha
  1907 | D:1      | Reached * piety under Kikubaaqudgha
  1907 | D:1      | Received a gift from Kikubaaqudgha
  2160 | D:$      | Got out of the dungeon alive.

Illustrated notes

Levels and vault maps discovered:
D:1:      dpeg_arrival_central, layout_loops_corners,
          hellmonk_ecumenical_altar_leap_of_faith

Skill      XL: |  1  2 |
---------------+-------+-----
Fire Magic     | 3 |  3.1
Stealth        | 2 |  2.0
Fighting       | |  0.1
Staves         | |  0.1
Dodging        | |  1.9
Spellcasting   | |  2.2
Conjurations   | |  1.1

Action                   || total
-------------------------++-------
Melee: Dagger            ||     7
       Unarmed           ||     4
       Quarterstaff      ||     9
 Cast: Foxfire           ||    13
  Use: Scroll            ||     1
 Stab: Sleeping          ||     1
Armor: Robe              ||     7
Dodge: Dodged            ||    26

Table legend: (Time is in decaauts)
 A = Elapsed time spent in this place.
 B = Non-inter-level travel time spent in this place.
 C = Inter-level travel time spent in this place.
 D = Time resting spent in this place.
 E = Time spent auto-exploring this place.
 F = Levels seen in this place.
 G = Mean time per level.
                   A        B        C        D        E       F      G
               +--------+--------+--------+--------+--------+-----+--------+
         Total |   2158 |   2158 |      0 |    803 |      0 |   1 | 2158.0 |
       Dungeon |   2158 |   2158 |      0 |    803 |      0 |   1 | 2158.0 |
               +--------+--------+--------+--------+--------+-----+--------+

Top non-repeatable levels by time:
     D:1: 2158 daAuts
